[Event "ICC tourney 1946 (30 5)"]
[Site "Internet Chess Club"]
[Date "2020.08.01"]
[Round "3"]
[White "goodcrowdchess"]
[Black "VincentT2008"]
[Result "1-0"]
[ICCResult "Black resigns"]
[WhiteElo "1413"]
[BlackElo "1355"]
[Opening "Scotch game"]
[ECO "C45"]
[NIC "SO.04"]
[Time "15:11:12"]
[TimeControl "1800+5"]

1. e4 e5 2. Nf3 Nc6 3. d4 exd4 4. Nxd4 Qf6 5. Nxc6 Bc5 6. Qd2 Qxc6 7. Bd3
Nf6 8. O-O O-O 9. b4 Bb6 10. Bb2 h6 11. Nc3 d6 12. Nd5 Nxd5 13. exd5 Qd7 14.
Rae1 c6 15. Qc3 f5 16. Bc4 c5 17. bxc5 Bxc5 18. Re6 Qf7 19. Rxh6 Re8 20. Rh4
Re5 21. Qh3 {Black resigns} 1-0

[Event "ICC tourney 1946 (30 5)"]
[Site "Internet Chess Club"]
[Date "2020.08.01"]
[Round "3"]
[White "albli"]
[Black "gz99754539"]
[Result "0-1"]
[ICCResult "White checkmated"]
[WhiteElo "1483"]
[BlackElo "1972"]
[Opening "two knights defense: Kieseritsky variation"]
[ECO "C58"]
[NIC "KP.01"]
[Time "15:11:14"]
[TimeControl "1800+5"]

1. e4 e5 2. Nf3 Nc6 3. Bc4 Nf6 4. Ng5 d5 5. exd5 Na5 6. d3 h6 7. Nf3 Nxc4 8.
dxc4 e4 9. Nd4 Bc5 10. Nb3 Be7 11. h3 O-O 12. O-O Re8 13. Be3 b5 14. cxb5
Nxd5 15. Bd2 Bg5 16. c4 e3 17. fxe3 Bxe3+ 18. Kh1 Bxd2 19. Qf3 Ne3 20. Rf2
Bb4 21. Qxa8 Qd1+ 22. Kh2 Bd6+ 23. g3 Nf1+ 24. Kg1 Nxg3+ 25. Kg2 Qh1#
{White checkmated}
0-1

[Event "ICC tourney 1946 (30 5)"]
[Site "Internet Chess Club"]
[Date "2020.08.01"]
[Round "3"]
[White "Frankiechess11"]
[Black "BreatheChessAls"]
[Result "1/2-1/2"]
[ICCResult "Game drawn because neither player has mating material"]
[WhiteElo "1475"]
[BlackElo "1443"]
[Opening "Sicilian: Kan, 5.Nc3"]
[ECO "B43"]
[NIC "SI.43"]
[Time "15:10:43"]
[TimeControl "1800+5"]

1. e4 c5 2. Nf3 e6 3. Nc3 a6 4. d4 cxd4 5. Nxd4 Qc7 6. f4 d6 7. g4 h6 8. Qf3
Be7 9. h4 Nf6 10. g5 Ng8 11. f5 hxg5 12. hxg5 Rxh1 13. Qxh1 d5 14. Nce2 Nc6
15. Nxc6 bxc6 16. Qh7 Kf8 17. Bd2 e5 18. Ng3 Bd8 19. Nh5 f6 20. O-O-O Rb8
21. Be3 d4 22. Bc4 c5 23. Qxg8+ Ke7 24. Qf8+ Kxf8 25. gxf6 Bxf6 26. Nxf6
dxe3 27. Nd5 Qb7 28. b3 Bd7 29. Rh1 g6 30. Rh7 Bc6 31. Rxb7 Rxb7 32. Nxe3
Bxe4 33. fxg6 Bxg6 34. Ng4 e4 35. Kd2 a5 36. Ne5 Bf5 37. Ke3 Rg7 38. Kf4 Bh7
39. Nc6 Rg1 40. Nxa5 Re1 41. Nb7 e3 42. Nxc5 Bxc2 43. Ne6+ Ke7 44. Nd4 Bg6
45. Ne2 Bf7 46. Bxf7 Rxe2 47. Bc4 Rxa2 48. Kxe3 Rb2 49. Kd3 Kd6 50. Kc3 Rh2
51. Bd3 Rh8 52. Bc4 Rb8 53. b4 Ke5 54. b5 Rxb5 55. Bxb5
{Game drawn because neither player has mating material}
1/2-1/2

[Event "ICC tourney 1946 (30 5)"]
[Site "Internet Chess Club"]
[Date "2020.08.01"]
[Round "3"]
[White "pika0008"]
[Black "mydogeatschess"]
[Result "0-1"]
[ICCResult "White resigns"]
[WhiteElo "1381"]
[BlackElo "1518"]
[Opening "King's Indian: 5.Nf3"]
[ECO "E90"]
[NIC "KI.20"]
[Time "15:11:13"]
[TimeControl "1800+5"]

1. Nf3 Nf6 2. c4 g6 3. Nc3 Bg7 4. e4 d6 5. d4 O-O 6. h3 e5 7. d5 Nh5 8. g4
Nf4 9. Ne2 c6 10. Rb1 Qa5+ 11. Nc3 cxd5 12. cxd5 Na6 13. Bxf4 exf4 14. Bxa6
Qxa6 15. Qe2 Qxe2+ 16. Nxe2 Re8 17. Nd2 f5 18. O-O f3 19. Nc3 fxg4 20. hxg4
Bxg4 21. Nb5 Re5 22. Nd4 Rg5 {White resigns} 0-1

[Event "ICC tourney 1946 (30 5)"]
[Site "Internet Chess Club"]
[Date "2020.08.01"]
[Round "3"]
[White "ryanwang"]
[Black "Roger436"]
[Result "1-0"]
[ICCResult "Black resigns"]
[WhiteElo "1502"]
[BlackElo "1329"]
[Opening "Sicilian: accelerated fianchetto, Maróczy bind, 6.Be3"]
[ECO "B38"]
[NIC "SI.33"]
[Time "15:11:25"]
[TimeControl "1800+5"]

1. e4 c5 2. Nf3 Nc6 3. d4 cxd4 4. Nxd4 g6 5. c4 Bg7 6. Be3 Nf6 7. Nc3 O-O 8.
Be2 d6 9. O-O Bd7 10. Nc2 Ne5 11. h3 Rc8 12. b3 a5 13. f4 Nc6 14. Bf3 Ne8
15. Qd2 Nb4 16. Nd4 Nc7 17. a3 Nc6 18. Nde2 b5 19. cxb5 Nxb5 20. Nxb5 Bxa1
21. Rxa1 Rb8 22. a4 Nb4 23. Nec3 Be6 24. Nd5 Nxd5 25. exd5 Bd7 26. Be2 Qc8
27. Rc1 Qa6 28. Rc7 Bxb5 29. Bxb5 Rxb5 30. axb5 Qxb5 31. Rxe7 Qxb3 32. Qxa5
Qb1+ 33. Kh2 Qf5 34. Qd2 Rc8 35. Ra7 h5 36. Ra6 Qe4 37. Qd4 Qc2 38. Rxd6 Qc7
39. Rc6 Qd7 40. Rxc8+ Qxc8 41. d6 Qd7 42. Qf6 {Black resigns} 1-0

[Event "ICC tourney 1946 (30 5)"]
[Site "Internet Chess Club"]
[Date "2020.08.01"]
[Round "3"]
[White "JunlinTheWorld"]
[Black "tongchen"]
[Result "1-0"]
[ICCResult "Black checkmated"]
[WhiteElo "1676"]
[BlackElo "1929"]
[Opening "French: Two knights variation"]
[ECO "C00"]
[NIC "FR.01"]
[Time "15:11:32"]
[TimeControl "1800+5"]

1. e4 e6 2. Nf3 d5 3. Nc3 Nf6 4. e5 Nfd7 5. d4 c5 6. dxc5 Bxc5 7. Bd3 Nc6 8.
Bf4 a6 9. O-O h6 10. h3 Be7 11. Bh2 Nc5 12. a3 b5 13. b4 Nxd3 14. cxd3 g5
15. Rc1 Bb7 16. Nd2 Qb6 17. Nb3 Kd7 18. d4 a5 19. Nc5+ Bxc5 20. dxc5 Qa6 21.
Ne4 axb4 22. axb4 Ke7 23. Nd6 Nxb4 24. Rb1 Na2 25. Qf3 Rh7 26. Rxb5 Bc6 27.
Rb6 Qa4 28. Rfb1 Ra6 29. Rb7+ Bxb7 30. Rxb7+ Kd8 31. Qf6# {Black checkmated}
1-0

[Event "ICC tourney 1946 (30 5)"]
[Site "Internet Chess Club"]
[Date "2020.08.01"]
[Round "3"]
[White "liguowh"]
[Black "saiabhi29"]
[Result "1-0"]
[ICCResult "Black resigns"]
[WhiteElo "1846"]
[BlackElo "1671"]
[Opening "Sicilian: Labourdonnais-Löwenthal (Kalashnikov) variation"]
[ECO "B32"]
[NIC "SI.32"]
[Time "15:11:37"]
[TimeControl "1800+5"]

1. e4 c5 2. Nf3 Nc6 3. d4 cxd4 4. Nxd4 e5 5. Nb5 d6 6. N1c3 a6 7. Na3 Be7 8.
Be3 b5 9. Nd5 Rb8 10. c4 b4 11. Nc2 Nf6 12. f3 O-O 13. b3 Re8 14. Qd2 a5 15.
Be2 Be6 16. O-O Nd7 17. Rad1 Bf8 18. f4 exf4 19. Nxf4 Nde5 20. h3 Be7 21.
Nd5 Bh4 22. Kh2 Bxd5 23. exd5 Ne7 24. g3 Bf6 25. Nd4 N7g6 26. Bh5 a4 27. Nb5
axb3 28. axb3 Qe7 29. Rde1 Qd7 30. Qxb4 Nd3 31. Qxd6 Qc8 32. Re2 Be5 33.
Bxg6 hxg6 34. Qc6 Qd8 35. Kg2 Rc8 36. Qb6 Qd7 37. Qa7 Bd6 38. Qxd7
{Black resigns}
1-0

[Event "ICC tourney 1946 (30 5)"]
[Site "Internet Chess Club"]
[Date "2020.08.01"]
[Round "3"]
[White "NonnaThat"]
[Black "Atharva10"]
[Result "1-0"]
[ICCResult "Black checkmated"]
[WhiteElo "1756"]
[BlackElo "1583"]
[Opening "Ruy Lopez: closed, Chigorin defense"]
[ECO "C97"]
[NIC "RL.24"]
[Time "15:11:01"]
[TimeControl "1800+5"]

1. e4 e5 2. Nf3 Nc6 3. Bb5 a6 4. Ba4 Nf6 5. O-O b5 6. Bb3 Be7 7. Re1 O-O 8.
h3 d6 9. c3 Na5 10. Bc2 c5 11. d4 Qc7 12. Nbd2 Bd7 13. Nf1 Rfc8 14. d5 b4
15. g4 bxc3 16. bxc3 Rab8 17. Ng3 g6 18. g5 Ne8 19. h4 Ng7 20. Kg2 Bg4 21.
Qd3 f5 22. Nh2 c4 23. Qd2 Qd7 24. f3 Bh5 25. Nxh5 Nxh5 26. exf5 Nf4+ 27. Kh1
gxf5 28. Nf1 Rf8 29. Ne3 Rf7 30. Ba3 h6 31. gxh6 Bxh4 32. Rg1+ Kh8 33. Bb4
Nb7 34. Qh2 Be7 35. Nxc4 Nxd5 36. Nxe5 dxe5 37. Qxe5+ Rf6 38. Qxb8+ Nd8 39.
Qh2 Nxb4 40. cxb4 Bf8 41. Rad1 Qb7 42. Rxd8 Qxf3+ 43. Rg2 Kh7 44. Qc7+ Kxh6
45. Rxf8 Qf1+ 46. Kh2 Rg6 47. Rh8# {Black checkmated} 1-0

[Event "ICC tourney 1946 (30 5)"]
[Site "Internet Chess Club"]
[Date "2020.08.01"]
[Round "3"]
[White "whyyoutrysohard"]
[Black "tcrgm"]
[Result "1-0"]
[ICCResult "Black forfeits on time"]
[WhiteElo "1334"]
[BlackElo "1447"]
[Opening "QGD Slav: 3.Nf3"]
[ECO "D11"]
[NIC "SL.01"]
[Time "15:10:46"]
[TimeControl "1800+5"]

1. d4 d5 2. c4 c6 3. Nf3 e6 4. Qc2 Nf6 5. g3 Bd6 6. Bg2 O-O 7. O-O Re8 8.
Rd1 h6 9. Nbd2 Nbd7 10. e4 dxe4 11. Nxe4 Nxe4 12. Qxe4 Nf6 13. Qc2 Qe7 14.
b3 e5 15. dxe5 Bxe5 16. Nxe5 Qxe5 17. Bf4 Qh5 18. Rd2 Bf5 19. Qb2 Re6 20.
Rad1 Rae8 21. f3 Bh3 22. Rd8 Qc5+ 23. Kf1 Bxg2+ 24. Kxg2 Qe7 25. Rxe8+ Nxe8
26. Kf2 g5 27. Bc1 Nd6 28. Rd2 Rf6 29. Re2 Ne4+ 30. Kg2 Re6 31. Rxe4 Rxe4
32. fxe4 Qxe4+ 33. Kf1 Qf3+ 34. Ke1 Qh1+ 35. Kd2 Qg2+ 36. Kc3 Qf3+ 37. Kc2
Qe4+ 38. Kd2 Qg2+ 39. Kc3 Qf3+ 40. Kb4 {Black forfeits on time} 1-0

[Event "ICC tourney 1946 (30 5)"]
[Site "Internet Chess Club"]
[Date "2020.08.01"]
[Round "3"]
[White "MARMAYOGI11"]
[Black "playtowin2020"]
[Result "1-0"]
[ICCResult "Black resigns"]
[WhiteElo "1667"]
[BlackElo "1328"]
[Opening "Queen's pawn game"]
[ECO "A46"]
[NIC "QP.05"]
[Time "15:10:50"]
[TimeControl "1800+5"]

1. d4 Nf6 2. Nf3 e6 3. Bf4 c5 4. e3 Nc6 5. c3 d6 6. Nbd2 Be7 7. h3 O-O 8.
Bd3 b6 9. Qe2 Bb7 10. Rd1 cxd4 11. exd4 Rc8 12. O-O Re8 13. Rfe1 Bf8 14. Bg5
Be7 15. Bh4 d5 16. Bg3 h6 17. Ne5 Nxe5 18. dxe5 Nd7 19. f4 Nc5 20. Bb5 Rf8
21. Qg4 a6 22. Bf1 Re8 23. Nf3 Qc7 24. Nd4 Bf8 25. f5 Qd7 26. fxe6 fxe6 27.
Bf4 Kh8 28. Re3 Ne4 29. Bd3 Bc5 30. Kh2 Nf2 31. Qg6 Nxd3 32. Rexd3 Re7 33.
Rg3 Qe8 34. Qg4 Bxd4 35. Rxd4 Rf7 36. Be3 Qe7 37. Qg6 Rcf8 38. Rdg4 Bc6 39.
Bxb6 Bb5 40. b4 Qd7 41. Be3 Be2 42. Rd4 Rf5 43. Bxh6 gxh6 44. Qxh6+ Qh7 45.
Qxe6 Bc4 46. Rdg4 Rh5 47. Qd6 Qf5 48. e6 Rh6 49. Qd7 Rh7 50. e7 Qf7 51.
exf8=Q+ Qxf8 52. Qe6 {Black resigns} 1-0

[Event "ICC tourney 1946 (30 5)"]
[Site "Internet Chess Club"]
[Date "2020.08.01"]
[Round "3"]
[White "Taechess"]
[Black "KnightRyder3"]
[Result "1-0"]
[ICCResult "Black resigns"]
[WhiteElo "1931"]
[BlackElo "1419"]
[Opening "Sicilian: Canal-Sokolsky attack, 3...Bd7"]
[ECO "B52"]
[NIC "SI.01"]
[Time "15:11:37"]
[TimeControl "1800+5"]

1. e4 c5 2. Nf3 d6 3. Bb5+ Bd7 4. Bxd7+ Qxd7 5. O-O Nc6 6. c3 g6 7. d4 cxd4
8. cxd4 Bg7 9. Re1 Nf6 10. Nc3 O-O 11. h3 Qc7 12. Be3 Rfd8 13. Rc1 Rac8 14.
Qb3 Na5 15. Qa4 Nc4 16. Nb5 Qc6 17. d5 Nb6 18. Qb3 Qe8 19. Nxa7 Rxc1 20.
Rxc1 Nbd7 21. Qxb7 Rb8 22. Qxb8 Qxb8 23. Rc8+ Qxc8 24. Nxc8 Nxe4 25. Nxe7+
Kf8 26. Nc8 Bxb2 27. a4 Nc3 28. a5 Nxd5 29. Nxd6 Nxe3 30. fxe3 Ba3 31. Nc4
Bc5 32. Nd4 Ke8 33. a6 Kd8 34. a7 Bxa7 35. Nc6+ Kc7 36. Nxa7 f5 37. Kf2 Nf6
38. Nb5+ Kc6 39. Nd4+ Kd5 40. Nd2 Ke5 41. Kf3 f4 42. Nc6+ Kd6 43. Ne4+ Nxe4
44. Kxe4 Kxc6 45. Kxf4 Kd5 46. e4+ Ke6 47. Kg5 Ke5 48. Kh6 Kxe4 49. Kxh7 Kf5
50. g4+ Kf6 51. Kh6 Kf7 52. g5 Kf8 53. Kxg6 Kg8 54. Kf6 Kf8 55. g6 Kg8 56.
g7 {Black resigns} 1-0

[Event "ICC tourney 1946 (30 5)"]
[Site "Internet Chess Club"]
[Date "2020.08.01"]
[Round "3"]
[White "chessw23"]
[Black "NK3"]
[Result "0-1"]
[ICCResult "White checkmated"]
[WhiteElo "1596"]
[BlackElo "1816"]
[Opening "Sicilian: Alapin's variation (2.c3)"]
[ECO "B22"]
[NIC "SI.46"]
[Time "15:11:19"]
[TimeControl "1800+5"]

1. e4 c5 2. c3 g6 3. d4 cxd4 4. cxd4 d5 5. e5 Nc6 6. Nf3 Bg4 7. Be2 Nh6 8.
Na3 Bg7 9. Nc2 O-O 10. O-O Nf5 11. b3 e6 12. Bb2 f6 13. Re1 Bxf3 14. Bxf3
fxe5 15. dxe5 Qb6 16. g3 Rf7 17. Qe2 Raf8 18. Bg4 Nxg3 19. hxg3 Rxf2 20.
Bxe6+ Kh8 21. Qe3 Rxc2 22. Qxb6 axb6 23. Ba3 Rff2 24. Bxd5 Bxe5 25. Rad1 Bd4
26. Bxc6 Rg2+ 27. Kh1 Rh2# {White checkmated} 0-1

[Event "ICC tourney 1946 (30 5)"]
[Site "Internet Chess Club"]
[Date "2020.08.01"]
[Round "3"]
[White "gardemarin13"]
[Black "Ben2008"]
[Result "0-1"]
[ICCResult "White forfeits on time"]
[WhiteElo "1567"]
[BlackElo "1715"]
[Opening "Sicilian: closed"]
[ECO "B23"]
[NIC "SI.44"]
[Time "15:11:37"]
[TimeControl "1800+5"]

1. e4 c5 2. Nc3 d6 3. f4 e6 4. Nf3 Nc6 5. Bb5 Bd7 6. d3 a6 7. Bxc6 Bxc6 8.
O-O Nf6 9. Bd2 Be7 10. Qe2 O-O 11. Rae1 d5 12. e5 Nd7 13. f5 Kh8 14. fxe6
fxe6 15. Qf2 d4 16. Ne4 Nxe5 17. Qg3 Nxf3+ 18. Rxf3 Rxf3 19. Qxf3 e5 20. Qf5
Qd5 21. Rf1 Kg8 22. Qg4 Qd7 23. Qh5 Qe6 24. Rf5 Qxa2 25. Rxe5 Qb1+ 26. Kf2
Rf8+ 27. Rf5 Qxc2 28. Rxf8+ Bxf8 29. Qe2 Bxe4 30. dxe4 d3 31. Qe1 Qxb2 32.
e5 c4 {White forfeits on time} 0-1

[Event "ICC tourney 1946 (30 5)"]
[Site "Internet Chess Club"]
[Date "2020.08.01"]
[Round "3"]
[White "HenriVZ"]
[Black "tigertiger2019"]
[Result "0-1"]
[ICCResult "White checkmated"]
[WhiteElo "1282"]
[BlackElo "1329"]
[Opening "Sicilian: Najdorf"]
[ECO "B90"]
[NIC "SI.14"]
[Time "15:10:53"]
[TimeControl "1800+5"]

1. e4 c5 2. Nf3 d6 3. d4 cxd4 4. Nxd4 Nf6 5. Nc3 a6 6. f3 e5 7. Nb3 Be6 8.
Be3 h5 9. Qd2 Nbd7 10. O-O-O Be7 11. h4 Rc8 12. Nd5 Nxd5 13. exd5 Bf5 14.
Bd3 Bxd3 15. Qxd3 Bxh4 16. Qe4 Be7 17. Rh3 b5 18. Rdh1 g6 19. g4 Nf6 20. Qd3
e4 21. fxe4 Nxg4 22. Bd4 Rg8 23. Rf1 Bg5+ 24. Kb1 Qd7 25. Nd2 Ne5 26. Bxe5
dxe5 27. Nf3 Qxh3 28. Nxg5 Qxd3 29. cxd3 Rc7 30. Rf6 a5 31. Ra6 h4 32. Rxa5
Kd7 33. Rxb5 Rh8 34. Nxf7 Rf8 35. Nxe5+ Kc8 36. Nc6 Rf1+ 37. Kc2 Rxc6+ 38.
dxc6 h3 39. Rb7 h2 40. Rh7 h1=Q 41. Rxh1 Rxh1 42. d4 g5 43. d5 g4 44. Kd2 g3
45. d6 g2 46. d7+ Kc7 47. e5 g1=Q 48. e6 Qe1+ 49. Kc2 Qxe6 50. d8=Q+ Kxd8
51. c7+ Kc8 52. b4 Rh2+ 53. Kc3 Qd5 54. b5 Rd2 55. b6 Qd4+ 56. Kb3 Rb2+ 57.
Ka3 Qb4# {White checkmated} 0-1

[Event "ICC tourney 1946 (30 5)"]
[Site "Internet Chess Club"]
[Date "2020.08.01"]
[Round "3"]
[White "Joelpaulg"]
[Black "ThunderingFish"]
[Result "0-1"]
[ICCResult "White resigns"]
[WhiteElo "1528"]
[BlackElo "1545"]
[Opening "Queen's pawn: London system"]
[ECO "A45"]
[NIC "QP.07"]
[Time "15:10:47"]
[TimeControl "1800+5"]

1. d4 Nf6 2. Bf4 e6 3. Nc3 d5 4. Nb5 Na6 5. e3 c6 6. Nc3 Qb6 7. a3 Be7 8.
Bd3 O-O 9. Nf3 c5 10. O-O c4 11. Be2 Qxb2 12. Qd2 Qb6 13. e4 Qd8 14. e5 Nh5
15. Bg5 f6 16. Ne1 Qe8 17. Bh4 g6 18. Bxh5 gxh5 19. f4 f5 20. Bxe7 Qxe7 21.
Rf3 Kh8 22. Rh3 Bd7 23. Rxh5 Rf7 24. Nf3 Rg8 25. Ng5 Rfg7 26. Rf1 Rf8 27.
Rf3 Be8 28. Rh6 Bg6 29. Nb5 Nb8 30. Rfh3 Kg8 31. R3h4 a6 32. Nd6 Rd8 33. Qe3
Nd7 34. g4 Nf8 35. gxf5 exf5 36. Qh3 Qd7 37. Kf2 b5 38. Qc3 Qc7 39. Qh3 Qd7
40. Qc3 Rb8 41. Rh3 Qa7 42. e6 Qe7 43. Qb4 Nxe6 44. Re3 a5 45. Qxa5 Qxd6 46.
Nxe6 Re7 47. Qe1 Rbe8 48. h4 Rxe6 49. Rxe6 Qxe6 50. Qd2 Qf6 51. Kg3 Qg7 52.
h5 Qxh6 53. hxg6 Qxg6+ 54. Kf3 Qg4+ {White resigns} 0-1

[Event "ICC tourney 1946 (30 5)"]
[Site "Internet Chess Club"]
[Date "2020.08.01"]
[Round "3"]
[White "tricksterssbu"]
[Black "HarleyQueen8"]
[Result "0-1"]
[ICCResult "White forfeits on time"]
[WhiteElo "1458"]
[BlackElo "1556"]
[Opening "Sicilian"]
[ECO "B56"]
[NIC "SI.25"]
[Time "15:11:11"]
[TimeControl "1800+5"]

1. e4 c5 2. Nf3 d6 3. d4 cxd4 4. Nxd4 Nf6 5. Nc3 Nc6 6. f3 e5 7. Nb3 Be7 8.
Be2 Be6 9. Be3 d5 10. exd5 Nxd5 11. Nxd5 Bxd5 12. c3 O-O 13. O-O b6 14. Qc2
Qc7 15. Bd3 h6 16. f4 Bd6 17. c4 Nb4 18. Bh7+ Kh8 19. Qf5 Bxc4 20. Rfc1 exf4
21. Bd4 Be6 22. Qe4 Qd7 23. Bc3 Nd5 24. Nd4 Bc5 25. Kh1 Nxc3 26. bxc3 Bxd4
27. cxd4 Bd5 28. Bf5 Qb7 29. Qxf4 Bxg2+ 30. Kg1 Qd5 31. Rc3 Qa5 32. Rg3 Bd5
33. Rh3 Rg8 34. Rxh6+ gxh6+ 35. Kf1 Bc4+ 36. Kf2 Rg5 37. Rg1 Rxf5
{White forfeits on time}
0-1

[Event "ICC tourney 1946 (30 5)"]
[Site "Internet Chess Club"]
[Date "2020.08.01"]
[Round "3"]
[White "xx99754539"]
[Black "WCCJCB"]
[Result "0-1"]
[ICCResult "White forfeits on time"]
[WhiteElo "2067"]
[BlackElo "1767"]
[Opening "Caro-Kann: advance variation"]
[ECO "B12"]
[NIC "CK.04"]
[Time "15:11:37"]
[TimeControl "1800+5"]

1. e4 c6 2. d4 d5 3. e5 Bf5 4. Nf3 e6 5. Be2 Nd7 6. O-O Ne7 7. Be3 h6 8.
Nbd2 g5 9. Ne1 c5 10. c3 Qb6 11. Qb3 Qc7 12. Nef3 c4 13. Qd1 Bg7 14. h3 O-O
15. Nh2 f6 16. exf6 Nxf6 17. f4 gxf4 18. Bxf4 Qb6 19. Qc1 Ng6 20. Kh1 Nxf4
21. Rxf4 Rae8 22. Rf1 Bg6 23. Nhf3 Nh5 24. Re1 Ng3+ 25. Kh2 Qc7 26. Kg1 e5
27. dxe5 Rxe5 28. Bf1 Qb6+ 29. Kh2 Rxe1 30. Qxe1 Nxf1+ 31. Nxf1 Qxb2 32. Rd1
Rxf3 33. Rd2 Qxc3 34. gxf3 Qxf3 {White forfeits on time} 0-1

[Event "ICC tourney 1946 (30 5)"]
[Site "Internet Chess Club"]
[Date "2020.08.01"]
[Round "3"]
[White "Zuiopal"]
[Black "meghna"]
[Result "0-1"]
[ICCResult "White checkmated"]
[WhiteElo "1338"]
[BlackElo "1779"]
[Opening "Dutch: Staunton gambit"]
[ECO "A82"]
[NIC "HD.11"]
[Time "15:10:49"]
[TimeControl "1800+5"]

1. d4 f5 2. e4 e6 3. Nc3 g6 4. Bd3 Bg7 5. e5 Nc6 6. Nf3 d6 7. Qe2 dxe5 8.
dxe5 Nd4 9. Nxd4 Qxd4 10. f4 Qb4 11. a3 Qe7 12. O-O Nh6 13. h3 Bd7 14. Be3
O-O 15. b4 b6 16. Nd1 Bc6 17. c4 Nf7 18. c5 Bb7 19. Rc1 Nd8 20. Nc3 Rb8 21.
cxb6 axb6 22. Nb5 Nc6 23. Nd4 Nxd4 24. Bxd4 Rfd8 25. Be3 Ra8 26. Rc3 Rdc8
27. Rfc1 h6 28. Qc2 Qd7 29. Bc4 Be4 30. Qb3 Re8 31. b5 Qe7 32. a4 g5 33. Be2
Ra7 34. Bc4 g4 35. hxg4 fxg4 36. g3 h5 37. Bf2 Bf5 38. Bd3 Rf8 39. Bxf5 Rxf5
40. Qc2 Rf7 41. Rc6 h4 42. Qc4 hxg3 43. Bxg3 Qd7 44. Rxe6 Qd2 45. Re8+ Bf8
46. Rc2 Qe3+ 47. Kg2 Qf3+ 48. Kh2 Rxa4 49. Qe6 Rxf4 50. Qg6+ Rg7 51. Qe6+
Kh8 52. Qh6+ Rh7 53. Bxf4 Qxf4+ 54. Kg2 Rxh6 55. Rxc7 Rh2+ 56. Kg1 Qf2#
{White checkmated}
0-1

[Event "ICC tourney 1946 (30 5)"]
[Site "Internet Chess Club"]
[Date "2020.08.01"]
[Round "3"]
[White "BranKing"]
[Black "OctopusYule"]
[Result "1-0"]
[ICCResult "Black checkmated"]
[WhiteElo "1489"]
[BlackElo "1344"]
[Opening "Giuoco Pianissimo"]
[ECO "C50"]
[NIC "IG.02"]
[Time "15:10:44"]
[TimeControl "1800+5"]

1. e4 e5 2. Nf3 Nc6 3. Bc4 Bc5 4. d3 d6 5. c3 Nf6 6. Bb3 Be6 7. h3 Bxb3 8.
axb3 h6 9. Nbd2 a6 10. Nf1 O-O 11. g4 d5 12. Qe2 dxe4 13. dxe4 Qd7 14. g5
hxg5 15. Bxg5 Nh5 16. Ng3 Nxg3 17. fxg3 Be7 18. Bxe7 Qxe7 19. h4 f5 20. Ng5
Qe8 21. Qc4+ Kh8 22. exf5 Rxf5 23. Qe4 Qg6 24. O-O-O Rf6 25. Qxg6 Rxg6 26.
Rd7 Rc8 27. Nf7+ Kg8 28. h5 Rf6 29. h6 gxh6 30. Nxh6+ Kf8 31. Ng4 Rg6 32.
Nf6 Ne7 33. Rf1 Rg7 34. Nd5+ Ke8 35. Nf6+ Kf8 36. g4 Rf7 37. g5 Kg7 38. Rh1
Kg6 39. Ne4 Nf5 40. Rd3 Nd6 41. Rh6+ Kg7 42. Nxd6 cxd6 43. Rdxd6 Re8 44.
Rdg6+ Kf8 45. Rh8+ Ke7 46. Rxe8+ Kxe8 47. Re6+ Re7 48. Rf6 Rf7 49. Re6+ Re7
50. Rh6 e4 51. Kd2 Rg7 52. g6 Kf8 53. Ke3 Re7 54. Rh8+ Kg7 55. Rh7+ Kf6 56.
Rxe7 Kxe7 57. Kxe4 Kf6 58. Kd5 Kxg6 59. Kd6 Kf5 60. Kc7 b5 61. Kb6 Ke4 62.
Kxa6 Kd3 63. Kxb5 Kc2 64. c4 Kxb2 65. c5 Kxb3 66. c6 Kc3 67. c7 Kd4 68. c8=Q
Ke5 69. Qc7+ Kd5 70. Qd7+ Ke5 71. Kc5 Kf4 72. Kd4 Kg3 73. Ke3 Kg2 74. Qg4+
Kh2 75. Kf2 Kh1 76. Qg1# {Black checkmated} 1-0

[Event "ICC tourney 1946 (30 5)"]
[Site "Internet Chess Club"]
[Date "2020.08.01"]
[Round "4"]
[White "Roger436"]
[Black "karuto2006"]
[Result "0-1"]
[ICCResult "White resigns"]
[WhiteElo "1319"]
[BlackElo "1385"]
[Opening "Ruy Lopez: Wormald (Alapin) attack"]
[ECO "C77"]
[NIC "RL.12"]
[Time "16:31:29"]
[TimeControl "1800+5"]

1. e4 e5 2. Nf3 Nc6 3. Bb5 a6 4. Ba4 Nf6 5. Qe2 b5 6. Bb3 Be7 7. c3 O-O 8.
d4 d6 9. h3 Bb7 10. Nbd2 h6 11. Nf1 Re8 12. Ng3 exd4 13. cxd4 Bf8 14. O-O
Nb8 15. Nd2 Nbd7 16. f4 c5 17. dxc5 Nxc5 18. Bc2 d5 19. e5 d4 20. b4 d3 21.
Qf2 dxc2 22. bxc5 Rc8 23. exf6 Bxc5 24. fxg7 Bxf2+ 25. Rxf2 Re1+ 26. Kh2 Qd4
{White resigns}
0-1

[Event "ICC tourney 1946 (30 5)"]
[Site "Internet Chess Club"]
[Date "2020.08.01"]
[Round "4"]
[White "tongchen"]
[Black "WCCJCS"]
[Result "0-1"]
[ICCResult "White checkmated"]
[WhiteElo "1912"]
[BlackElo "1597"]
[Opening "Sicilian: Najdorf"]
[ECO "B90"]
[NIC "SI.14"]
[Time "16:30:58"]
[TimeControl "1800+5"]

1. e4 c5 2. Nf3 d6 3. d4 cxd4 4. Nxd4 Nf6 5. Nc3 a6 6. f3 e5 7. Nb3 Be6 8.
Be3 Be7 9. Qd2 Nbd7 10. g4 O-O 11. O-O-O b5 12. h4 b4 13. Nd5 Bxd5 14. exd5
a5 15. Kb1 Nb6 16. Bxb6 Qxb6 17. h5 a4 18. Nc1 h6 19. Bd3 a3 20. b3 Qd4 21.
c4 bxc3 22. Qc2 Qc5 23. g5 Nxd5 24. gxh6 Ne3 25. Bh7+ Kh8 26. hxg7+ Kxg7 27.
Rdg1+ Kh8 28. Nd3 Qd4 29. Qe2 c2+ 30. Kc1 Kxh7 31. Kd2 Rg8 32. Qxe3 Bg5 33.
Qxg5 c1=Q+ 34. Rxc1 Rxg5 35. Ke2 Rg2+ 36. Kf1 Rag8 37. Rd1 Qe3 38. b4 Qe2#
{White checkmated}
0-1

[Event "ICC tourney 1946 (30 5)"]
[Site "Internet Chess Club"]
[Date "2020.08.01"]
[Round "4"]
[White "VincentT2008"]
[Black "whyyoutrysohard"]
[Result "0-1"]
[ICCResult "White resigns"]
[WhiteElo "1339"]
[BlackElo "1353"]
[Opening "King's Indian: Sämisch, 5...O-O"]
[ECO "E81"]
[NIC "KI.54"]
[Time "16:30:15"]
[TimeControl "1800+5"]

1. d4 Nf6 2. c4 g6 3. Nc3 Bg7 4. e4 d6 5. f3 O-O 6. Be3 c5 7. d5 e6 8. Qd2
exd5 9. cxd5 Nbd7 10. Nge2 Ne5 11. Nc1 a6 12. a4 Rb8 13. Be2 Qe8 14. O-O b5
15. axb5 axb5 16. Bh6 b4 17. Nd1 Bd7 18. Bxg7 Kxg7 19. Ne3 Bb5 20. Nd3 Nxd3
21. Bxd3 Bxd3 22. Qxd3 Nd7 23. Nc4 Ne5 24. Qc2 Nxc4 25. Qxc4 Qe5 26. b3 Ra8
27. f4 Qf6 28. Rxa8 Rxa8 29. e5 dxe5 30. fxe5 Qxe5 31. Qxc5 Ra2 32. Qxb4
Qxd5 33. Qc3+ Kg8 34. Qc8+ Kg7 35. Qc3+ Kg8 36. Qg3 Rb2 37. b4 Rxb4 38. Qc3
Qd4+ 39. Qxd4 Rxd4 40. Kf2 Rf4+ 41. Ke2 Rxf1 42. Kxf1 Kg7 43. Kf2 Kf6 44.
Kf3 Ke5 45. Ke3 f5 46. g3 g5 47. h3 f4+ 48. gxf4+ gxf4+ 49. Kf3 Kf5 50. Kg2
Ke4 51. Kf2 f3 52. Kf1 Ke3 53. Ke1 f2+ 54. Kf1 Kf3 55. h4 Kg3 56. h5 h6 57.
Ke2 Kg2 58. Ke3 f1=Q {White resigns} 0-1

[Event "ICC tourney 1946 (30 5)"]
[Site "Internet Chess Club"]
[Date "2020.08.01"]
[Round "4"]
[White "Ben2008"]
[Black "Joelpaulg"]
[Result "1-0"]
[ICCResult "Black resigns"]
[WhiteElo "1733"]
[BlackElo "1503"]
[Opening "Sicilian: Anderssen variation"]
[ECO "B41"]
[NIC "SI.41"]
[Time "16:31:16"]
[TimeControl "1800+5"]

1. e4 c5 2. Nf3 e6 3. d4 cxd4 4. Nxd4 Nf6 5. Nc3 Nc6 6. Be3 Ba3 7. bxa3 O-O
8. Be2 Qa5 9. Qd2 Qxa3 10. O-O h6 11. Ndb5 Qe7 12. Nd6 b6 13. a4 Rd8 14.
Rfd1 Ne8 15. Ncb5 Nxd6 16. Nxd6 Qh4 17. Bb5 Na5 18. Qc3 Bb7 19. f3 Qe7 20.
Nxb7 Nxb7 21. Qc7 Na5 22. Rd2 Rdc8 23. Qxd7 Qb4 24. Qd4 Nc4 25. Bxc4 Rxc4
26. Qe5 Rac8 27. Bd4 Qf8 28. c3 R8c6 29. a5 f6 30. Qb5 bxa5 31. Rxa5 e5 32.
Bxa7 Rxc3 33. h3 Qf7 34. Qd5 Qe6 35. Qxe6+ Rxe6 36. Bf2 Rec6 37. Ra8+ Kh7
38. h4 h5 39. Rd7 Rc1+ 40. Kh2 R6c2 41. Be3 Re1 42. Bh6 Kxh6 43. Rg8 Kh7 44.
Rdxg7+ Kh6 45. Rf7 Rc3 46. Rgg7 {Black resigns} 1-0